 Dungeon Crawl Stone Soup version 0.27-a0-1071-ga85bd9520d (webtiles) character file.

Game seed: 347445704148742157

429001 tardwrangler69 the Gelid (level 21, -2/190 HPs)
             Began as a Demigod Ice Elementalist on Apr 24, 2021.
             Killed by vampiric draining
             ... invoked by a vampire knight
              (15 damage)
             ... on level 2 of the Depths.
             The game lasted 01:50:53 (50616 turns).

tardwrangler69 the Gelid (DgIE)                    Turns: 50616, Time: 01:50:54

Health: -2/190     AC: 36    Str: 27    XL:     21   Next: 82%
Magic:  28/31      EV: 27    Int: 34    God:
Gold:   3670       SH: 16    Dex: 22    Spells: 21/28 levels left

rFire    + . .     SeeInvis +   V - +9 demon blade (elec)
rCold    . . .     Faith    .   y - +1 kite shield {rPois}
rNeg     . . .     Spirit   .   W - +3 chain mail {rF+}
rPois    +         Reflect  .   B - +2 helmet {SInv}
rElec    .         Harm     +   n - +0 cloak of Ristruec {Harm rC+ Str+2}
rCorr    .         Rampage  +   L - +1 pair of gloves of Time Monsters {Str+4}
Will     +++..                  Z - +2 pair of boots "Ontunaw" {Rampage rC- Dex+4 Stlth+}
Stlth    ..........             g - amulet of regeneration
HPRegen  1.41/turn              M - ring of the Hare {EV+8}
MPRegen  0.22/turn              i - ring "Niys Riop" {Will+ AC+4 Int+3}

@: ice-armoured, freezing walls, studying Throwing
A: high mp 1, forlorn, talons 1, clever 1, mutation resistance 1
}: 2/15 runes: decaying, gossamer
a: no special abilities


You were on level 2 of the Depths.
You visited 8 branches of the dungeon, and saw 41 of its levels.
You visited the Abyss 1 time.
You also visited: Ossuary and Volcano.

You collected 5608 gold pieces.
You spent 1938 gold pieces at shops.

Inventory:

Hand Weapons
 f - the +5 long sword "Behif" {vorpal, rC+ Will++}
   (You took it off a deep elf elementalist on level 3 of the Elven Halls)

   It inflicts extra damage upon your enemies.
   It protects you from cold.
   It greatly increases your willpower.
 h - a +2 scimitar of flaming
 K - a +6 double sword of holy wrath
 R - a +1 vampiric demon blade
 V - a +9 demon blade of electrocution (weapon)
Missiles
 H - 7 silver javelins
Armour
 n - the +0 cloak of Ristruec (worn) {Harm rC+ Str+2}
   (You acquired it on level 2 of the Orcish Mines)

   It affects your strength (+2).
   It protects you from cold.
   It increases damage dealt and taken.
 u - a +2 pair of boots of rampaging
 y - a +1 kite shield of poison resistance (worn)
 B - a +2 helmet of see invisible (worn)
 L - the +1 pair of gloves of Time Monsters (worn) {Str+4}
   (You found it on level 10 of the Dungeon)

   It affects your strength (+4).
 W - a +3 chain mail of fire resistance (worn)
 Z - the +2 pair of boots "Ontunaw" (worn) {Rampage rC- Dex+4 Stlth+}
   (You found it on level 3 of the Spider Nest)

   It affects your dexterity (+4).
   It makes you vulnerable to cold.
   It bestows one free step when moving towards enemies.
   It makes you more stealthy.
Jewellery
 g - an amulet of regeneration (around neck)
 i - the ring "Niys Riop" (right hand) {Will+ AC+4 Int+3}
   (You acquired it on level 1 of the Lair of Beasts)

   [ring of protection]

   It affects your AC (+4).
   It affects your intelligence (+3).
   It increases your willpower.
 q - a +6 ring of intelligence
 t - a +4 ring of protection
 D - a ring of resist corrosion
 J - a ring of protection from fire
 M - the ring of the Hare (left hand) {EV+8}
   (You took it off a deep elf demonologist on level 3 of the Elven Halls)

   [ring of evasion]

   It affects your evasion (+8).
 T - the ring "Cygyte" {Str+3 Int+4 Dex+6}
   (You bought it in a shop on level 3 of the Elven Halls)

   [ring of dexterity]

   It affects your strength (+3).
   It affects your intelligence (+4).
   It affects your dexterity (+6).
 X - the ring of Linearity {rPois rC++ Int-2 Dex+6 SInv}
   (You acquired it on level 2 of the Abyss)

   [ring of dexterity]

   It affects your intelligence (-2).
   It affects your dexterity (+6).
   It greatly protects you from cold.
   It protects you from poison.
   It lets you see invisible.
Wands
 S - a wand of digging (16)
 U - a wand of acid (29)
Scrolls
 b - 6 scrolls of magic mapping
 d - 11 scrolls of enchant armour
 e - a scroll of blinking
 k - a scroll of holy word
 l - 6 scrolls of vulnerability
 m - 12 scrolls of immolation
 o - 35 scrolls of identify
 v - 13 scrolls of teleportation
 x - 12 scrolls of amnesia
 E - 7 scrolls of fear
 G - 3 scrolls of silence
 O - a scroll of summoning
 P - 6 scrolls of fog
 Y - a scroll of brand weapon
Potions
 c - 3 potions of berserk rage
 j - 2 potions of flight
 p - 5 potions of might
 r - 9 potions of attraction
 s - 9 potions of lignification
 w - 8 potions of haste
 z - 4 potions of mutation
 A - 3 potions of curing
 C - 5 potions of ambrosia
 F - 8 potions of cancellation
 I - a potion of magic
 N - 2 potions of resistance
 Q - 4 potions of brilliance


   Skills:
 - Level 16.9 Fighting
 - Level 14.0 Long Blades
 - Level 14.3 Armour
 - Level 15.0 Dodging
 - Level 1.7 Stealth
 - Level 15.0 Shields
 - Level 4.1 Spellcasting
 + Level 18.5 Ice Magic


You had 21 spell levels left.
You knew the following spells:

 Your Spells              Type           Power      Damage    Failure   Level
a - Freeze                Ice            100%       1d11      0%          1
b - Frozen Ramparts       Ice            100%       1d12      1%          3
c - Ozocubu's Armour      Ice            93%        N/A       1%          3

Your spell library contained the following spells:

 Spells                   Type           Power      Damage    Failure   Level
 Ensorcelled Hibernation  Hex/Ice        100%       N/A       1%          2
 Hailstorm                Conj/Ice       63%        3d13      4%          4
 Ice Form                 Ice/Tmut       63%        N/A       4%          4
 Summon Ice Beast         Ice/Summ       63%        N/A       4%          4
 Metabolic Englaciation   Hex/Ice        31%        N/A       11%         5
 Animate Skeleton         Necr           14%        N/A       19%         1
 Beastly Appendage        Tmut           14%        N/A       19%         1
 Corona                   Hex            7%         N/A       19%         1
 Magic Dart               Conj           28%        1d4       19%         1
 Pain                     Necr           28%        1d5       19%         1
 Sandblast                Erth           14%        2d6       19%         1
 Shock                    Conj/Air       28%        1d4       19%         1
 Sting                    Tmut/Pois      28%        1d4       19%         1
 Summon Small Mammal      Summ           28%        N/A       19%         1
 Call Imp                 Summ           7%         N/A       26%         2
 Passwall                 Tmut/Erth      5%         N/A       26%         2
 Poisonous Vapours        Pois/Air       14%        N/A       26%         2
 Searing Ray              Conj           14%        3d3       26%         2
 Static Discharge         Conj/Air       7%         N/A       26%         2
 Wereblood                Tmut           7%         N/A       26%         2
 Call Canine Familiar     Summ           7%         N/A       47%         3
 Confusing Touch          Hex            7%         N/A       47%         3
 Conjure Flame            Conj/Fire      7%         6-21      47%         3
 Dazzling Flash           Conj/Hex       14%        N/A       47%         3
 Gell's Gravitas          Tloc           3%         N/A       47%         3
 Ignite Poison            Fire/Tmut/Pois 7%         N/A       47%         3
 Mephitic Cloud           Conj/Pois/Air  7%         N/A       47%         3
 Portal Projectile        Hex/Tloc       14%        N/A       47%         3
 Spider Form              Tmut/Pois      3%         N/A       47%         3
 Summon Guardian Golem    Hex/Summ       7%         N/A       47%         3
 Swiftness                Air            7%         N/A       47%         3
 Tukima's Dance           Hex            7%         N/A       47%         3
 Vampiric Draining        Necr           3%         2d6       47%         3
 Simulacrum               Ice/Necr       31%        N/A       52%         6
 Airstrike                Air            3%         N/A       87%         4
 Animate Armour           Summ/Erth      14%        N/A       87%         4
 Animate Dead             Necr           3%         N/A       87%         4
 Fulminant Prism          Conj/Hex       3%         3d6       87%         4
 Iskenderun's Mystic Bla  Conj/Tloc      7%         2d4       87%         4
 Leda's Liquefaction      Hex/Erth       3%         N/A       87%         4
 Olgreb's Toxic Radiance  Pois           7%         N/A       87%         4
 Passage of Golubria      Tloc           N/A        N/A       87%         4
 Summon Lightning Spire   Summ/Air       7%         N/A       87%         4
 Freezing Cloud           Conj/Ice/Air   24%        6-21      91%         6
 Agony                    Necr           7%         N/A       99%         5
 Bolt of Magma            Conj/Fire/Erth 3%         4d5       99%         5
 Hydra Form               Tmut           3%         N/A       99%         5
 Lee's Rapid Deconstruct  Erth           3%         3d6*      99%         5
 Lightning Bolt           Conj/Air       3%         1d15      99%         5
 Manifold Assault         Tloc           7%         N/A       99%         5
 Summon Mana Viper        Hex/Summ       7%         N/A       99%         5
 Dispersal                Tloc           3%         N/A       100%        6
 Invisibility             Hex            7%         N/A       100%        6
 Iron Shot                Conj/Erth      3%         9d2       100%        6
 Statue Form              Tmut/Erth      4%         N/A       100%        6
 Summon Hydra             Summ           3%         N/A       100%        7
 Chain Lightning          Conj/Air       3%         N/A       100%        8
 Disjunction              Tloc           3%         N/A       100%        8
 Lehudib's Crystal Spear  Conj/Erth      3%         10d3      100%        8
 Absolute Zero            Ice            46%        ∞         100%        9
 Fire Storm               Conj/Fire      3%         8d1       100%        9
 Shatter                  Erth           3%         3d7*      100%        9


Dungeon Overview and Level Annotations

Branches:
Dungeon (15/15)            Temple (0/1) D:5            Lair (6/6) D:10
  Swamp (4/4) Lair:3       Spider (4/4) Lair:3        Slime (0/5) Lair:5
    Orc (2/2) D:9             Elf (3/3) Orc:2        Vaults (4/5) D:14
  Crypt (0/3) Vaults:2     Depths (3/5) D:15        Ossuary (visited)
Volcano (visited)

Shops:
Orc:2 *?((   Elf:3 *   Vaults:1 (   Depths:1 ?[

Portals:
Hell: Depths:1 Depths:2
Abyss: Depths:1
Trove: D:11 (show slimy rune of Zot)

Annotations:
Lair:1 3 runed translucent doors, Gorgondantess's ghost, journeyman SpHu
Lair:6 1 runed translucent door, Qocu's ghost, journeyman MfGl
Swamp:4 exclusion: 2 oklob plants
Spider:3 Roxanne
Elf:2 2 runed translucent doors
Depths:2 1 exclusion
Depths:3 Saint Roka


Innate Abilities, Weirdness & Mutations

Your attributes grow dramatically as you level up.
You have an increased reservoir of magic. (+10% MP)
You shall have no god before yourself.
You have sharp toenails.
Your mind is acute. (Int +2)
You are somewhat resistant to further mutation.


Message History

The spriggan defender is severely wounded.
The wall freezes the spriggan defender.
You block the spriggan defender's attack.
The wall freezes the ettin!
The vampire knight resists.
The wall freezes the vampire knight.
You closely miss the spriggan defender.
The spriggan defender is severely wounded.
The wall freezes the spriggan defender.
You block the spriggan defender's attack.
The vampire knight resists.
The wall freezes the vampire knight.
You slice the spriggan defender!!
You kill the spriggan defender!
The wall freezes the ettin.
The vampire knight resists.
The wall freezes the vampire knight.
You slice the ettin!! Lightning courses through the ettin!!
You kill the ettin!
A freezing mist starts to gather...
An ettin simulacrum comes into view.
The vampire knight resists.
The wall freezes the vampire knight.
You closely miss the vampire knight.
The vampire knight is moderately damaged.
You closely miss the vampire knight.
The vampire knight is moderately damaged.
The vampire knight resists.
The wall freezes the vampire knight.
The vampire knight misses you.
The vampire knight bites you but does no damage.
You slice the vampire knight!!
The vampire knight is almost destroyed.
The vampire knight resists.
The wall freezes the vampire knight.
The vampire knight hits you with a +0 great mace!!
* * * LOW HITPOINT WARNING * * *
The vampire knight completely misses you.
The ettin simulacrum completely resists.
The wall freezes the ettin simulacrum but does no damage.
You feel better.
The vampire knight resists.
The wall freezes the vampire knight.
The vampire knight misses you. You block the vampire knight's attack.
The vampire knight resists.
The wall freezes the vampire knight.
The vampire knight draws life force from you!
You die...

#.........#...........# #..###
#.........'...........# #.##
#.........#....(......#####..###
#.........#...........'........#
#.........#......###..#####....#
#......(..#......# #..# #.....
#....†....#.....#####.#####.....
###'####'###'####...###.........
#.# #.###.##@VZ#.# #.###.....
#.## #.....####...# #.##......
#..# #.###..# ##.## #.##.....#
###########.# #.# #.##.....#
#⌠###8###8#.####.## #.###).###
##...........##...# #.# #.##
#..............#|# #.# #..###
##..##.########...# #.# #....#
#8..##.# ##### #.# #....#


You could see a vampire knight (fast, invisible) and an ettin simulacrum.

Vanquished Creatures
  Mara (Swamp:3)
  Boris (Vaults:3)
  Nikola (Depths:1)
  A Tzitzimitl (Depths:2)
  Arachne (Spider:2)
  Jorgrun (D:14)
  A tentacled monstrosity (Swamp:3)
  2 deep elf master archers (Elf:3)
  Asterion (Spider:3)
  2 sphinxes
  3 deep elf blademasters
  A thorn hunter (Swamp:4)
  2 shadow dragons (Depths:2)
  3 fire giants
  8 vault wardens
  5 deep elf sorcerers
  An orc warlord (Vaults:3)
  6 emperor scorpions
  A frost giant (Depths:1)
  4 ghost moths
  4 spectral caustic shrikes
  3 hydra zombies (Swamp:4)
  6 deep elf elementalists (Elf:3)
  14 very ugly things
  2 spriggan defenders (Depths:2)
  4 stone giants
  8 war gargoyles
  6 vampire knights
  16 ironbound preservers
  6 deep elf demonologists
  3 deep elf annihilators
  5 entropy weavers
  3 dire elephants
  6 bunyips
  2 spark wasps
  Snorg (D:13)
  Josephine (D:14)
  4 deep elf death magi
  8 crystal guardians
  The ghost of Cheivey the Fighter, a journeyman DDFi of Makhleb (D:10)
  2 ettins
  5 eleionomae
  3 fire dragons
  2 deep elf high priests (Elf:3)
  5 yaktaur captains
  Fannar (D:12)
  5 shambling mangroves (Swamp:4)
  2 vault guards (Vaults:3)
  14 ironbound thunderhulks
  20 hydras
  2 great orbs of eyes
  10 boulder beetles
  7 peacekeepers
  3 rakshasas (Depths:2)
  A merfolk avatar (Lair:6)
  2 death knights
  An ogre mage (D:15)
  4 catoblepae
  Erica (D:8)
  2 alligators
  A centaur warrior (D:13)
  A satyr (shapeshifter) (D:14)
  21 dancing weapons
  A deep troll earth mage (Depths:1)
  7 ironbound frosthearts
  3 deep troll shamans
  A tengu warrior (D:13)
  A spriggan berserker (Depths:2)
  5 two-headed ogres
  7 orc high priests
  8 death scarabs (Spider:4)
  5 ironbound beastmasters
  2 vampire magi
  Sonja (Lair:4)
  12 deep elf knights
  A hell knight (Volcano)
  2 sun demons (Depths:2)
  A titan skeleton (Vaults:2)
  5 iron trolls
  A spectral emperor scorpion (Spider:4)
  10 skeletal warriors
  2 glowing orange brains
  6 spriggan druids
  9 goliath frogs
  47 deep trolls
  3 shadow wraiths (Depths:2)
  3 shadow demons (Depths:2)
  A sea snake (Lair:6)
  7 swamp dragons
  2 phantasmal warriors
  3 spectral hydras (Swamp:4)
  5 bog bodies
  3 spectral wolf spiders (Spider:4)
  13 wizards
  Pikel (D:4)
  12 deep elf archers
  8 lindwurms
  4 orc knights
  A tengu zombie (Vaults:3)
  27 deep elf zephyrmancers
  11 harpies
  10 ironbound convokers
  A sphinx zombie (Vaults:3)
  29 deep elf pyromancers
  2 necromancers (Vaults:3)
  25 orb spiders
  2 orc sorcerers (Orc:2)
  8 will-o-the-wisps
  41 wolf spiders
  38 slime creatures
  A stone giant skeleton (Vaults:2)
  A manticore (D:14)
  A moth of wrath (Spider:4)
  57 ugly things
  3 cyclopes
  3 spectral centaurs (D:10)
  2 frost giant skeletons (Vaults:2)
  Maurice (D:12)
  5 black mambas
  14 elephants
  2 torpor snails
  8 vault sentinels
  16 cane toads
  A smoke demon (Volcano)
  Maggie (D:10)
  An elf skeleton (Vaults:2)
  3 rime drakes
  An unseen horror (D:12)
  26 demonic crawlers
  9 komodo dragons
  2 tengu conjurers
  2 redback zombies (Spider:4)
  30 yaktaurs
  3 freezing wraiths (Swamp:4)
  A kobold demonologist (D:11)
  A death drake zombie (Swamp:4)
  9 trolls
  7 polar bears
  6 meliai
  36 jumping spiders
  7 spectral tarantellas (Spider:4)
  5 tyrant leeches
  2 wind drakes (Lair:6)
  Prince Ribbit (D:8)
  A bloated husk (Swamp:4)
  A hornet (shapeshifter) (D:14)
  21 hornets
  2 spectral jumping spiders (Spider:4)
  13 blink frogs
  Grinder (D:6)
  A hydra skeleton (Swamp:4)
  A death drake skeleton (Swamp:4)
  A tarantella zombie (Spider:4)
  5 raiju
  An air elemental (Elf:1)
  18 spriggans
  2 shadows
  A centaur simulacrum (D:10)
  A vampire (D:12)
  6 wraiths
  5 wyverns
  23 yaks
  39 tarantellas
  4 water elementals (Elf:2)
  99 redbacks
  A ynoxinul (Abyss:2)
  3 ettin skeletons
  3 fire elementals
  5 hogs (D:15)
  Eustachio (D:5)
  A basilisk (shapeshifter) (D:13)
  24 vampire mosquitoes
  7 basilisks
  6 steam dragons
  Menkaure (D:5)
  11 wargs
  Edmund (D:4)
  2 yaktaur simulacra (Vaults:3)
  11 swamp worms
  A warg (shapeshifter) (D:14)
  A swamp worm (shapeshifter) (Depths:1)
  A hell hound (Volcano)
  19 water moccasins
  3 hydra simulacra (Swamp:4)
  An acid dragon (D:12)
  A large abomination (Abyss:2)
  2 spectral hornets (Spider:4)
  21 orc warriors
  10 swamp drakes
  2 ice beasts
  3 swamp dragon zombies (Swamp:4)
  2 sky beasts (D:7)
  A hornet zombie (Spider:4)
  9 boggarts
  3 centaurs
  13 wolves
  13 ogres
  6 human skeletons
  3 lemures (D:4)
  A phantom (D:6)
  A kobold brigand (D:9)
  2 small abominations (Abyss:2)
  2 elf zombies (Ossuary)
  13 bullfrogs
  5 gnoll sergeants
  An earth elemental (Elf:3)
  A glowing shapeshifter simulacrum (Vaults:3)
  A scorpion (D:5)
  A wyvern skeleton (D:7)
  56 killer bees
  8 howler monkeys
  11 wights
  5 electric eels
  2 centaur zombies
  A lava snake (Lair:6)
  A gnoll shaman (D:9)
  5 hounds
  A human simulacrum (Vaults:3)
  34 orc priests
  5 jellies
  A centaur skeleton (D:7)
  An iron imp (Abyss:2)
  3 bullfrog skeletons
  12 hell rats
  A scorpion zombie (D:5)
  22 orc wizards
  5 mummies
  Robin (D:3)
  20 gnolls
  4 adders
  2 shadow imps
  A white imp (D:8)
  An ufetubus (D:5)
  5 dart slugs
  64 orcs
  11 endoplasms
  4 giant cockroaches
  9 goblins
  6 hobgoblins
  5 jackals
  2 quokkas (D:1)
  2 ball pythons (D:2)
  5 bats
  A gnoll zombie (Ossuary)
  3 hobgoblin zombies
  3 jackal zombies (Ossuary)
  7 kobolds
  4 kobold zombies
  5 rats
  A rat zombie (Ossuary)
  2 briar patches (Swamp:4)
1737 creatures vanquished.

Vanquished Creatures (others)
  Kirke (D:15)
  3 deep elf knights
  A deep elf zephyrmancer (Elf:2)
  An orb spider (Spider:2)
  A deep elf pyromancer (Elf:2)
  A jumping spider (Spider:2)
  4 bloated husks
  A small abomination (Abyss:2)
  A killer bee (Lair:4)
  A briar patch (Swamp:4)
  39 foxfires
  42 fungi
  96 plants
192 creatures vanquished.

Grand Total: 1929 creatures vanquished

Notes
Turn   | Place    | Note
-------+----------+-------------------------------------------
     0 | D:1      | tardwrangler69 the Demigod Ice Elementalist began the quest
                  | for the Orb.
     0 | D:1      | Reached XP level 1. HP: 14/14 MP: 5/5
     2 | D:1      | Noticed a minotaur
     2 | D:1      | Noticed a human
     4 | D:1      | Noticed a troll
     4 | D:1      | Noticed a palentonga
     6 | D:1      | Noticed a naga
     6 | D:1      | Noticed a vampire
     8 | D:1      | Noticed an ogre
    10 | D:1      | Noticed a vine stalker
    12 | D:1      | Noticed a centaur
    12 | D:1      | Noticed a barachi
    14 | D:1      | Noticed a merfolk
    14 | D:1      | Noticed a demonspawn
    16 | D:1      | Noticed a demigod
    16 | D:1      | Noticed a felid
    18 | D:1      | Noticed an elf
    18 | D:1      | Noticed a gargoyle
    20 | D:1      | Noticed a tengu
    22 | D:1      | Noticed a formicid
    22 | D:1      | Noticed an octopode
    24 | D:1      | Noticed a dwarf
    24 | D:1      | Noticed a spriggan
    26 | D:1      | Noticed a draconian
    26 | D:1      | Noticed a ghoul
   521 | D:1      | Reached skill level 4 in Ice Magic
   521 | D:1      | Reached XP level 2. HP: 14/20 MP: 1/7
  1548 | D:2      | Reached XP level 3. HP: 26/26 MP: 5/8
  2489 | D:2      | Learned a level 3 spell: Frozen Ramparts
  2597 | D:3      | Reached skill level 1 in Shields
  2597 | D:3      | Reached XP level 4. HP: 24/33 MP: 5/10
  2667 | D:3      | Noticed Robin
  2728 | D:3      | Killed Robin
  3255 | D:3      | Reached skill level 5 in Ice Magic
  3260 | D:3      | Reached XP level 5. HP: 28/38 MP: 3/12
  3333 | D:3      | Learned a level 3 spell: Ozocubu's Armour
  3610 | D:4      | Reached XP level 6. HP: 34/45 MP: 9/13
  3645 | D:4      | Noticed Edmund
  3652 | D:4      | Killed Edmund
  3811 | D:4      | Noticed Pikel
  3817 | D:4      | Reached skill level 6 in Ice Magic
  3825 | D:4      | Killed Pikel
  3826 | D:4      | Reached skill level 7 in Ice Magic
  3826 | D:4      | Reached XP level 7. HP: 34/50 MP: 7/16
  4271 | D:5      | Entered Level 5 of the Dungeon
  4297 | D:5      | Noticed Menkaure
  4331 | D:5      | Killed Menkaure
  4332 | D:5      | Reached skill level 1 in Fighting
  4488 | D:5      | Found a staircase to the Ecumenical Temple.
  4503 | D:5      | Found a sand-covered staircase.
  4513 | Ossuary  | Entered an ossuary
  4558 | Ossuary  | Reached XP level 8. HP: 63/63 MP: 15/17
  4913 | D:5      | Noticed Eustachio
  4928 | D:5      | Killed Eustachio
  4929 | D:5      | Reached skill level 5 in Fighting
  5090 | D:5      | Noticed a troll
  5103 | D:5      | Killed a troll
  6043 | D:5      | Reached XP level 9. HP: 79/79 MP: 11/18
  6359 | D:6      | Noticed Grinder
  6372 | D:6      | Paralysed by Grinder for 4 turns
  6379 | D:6      | Paralysed by Grinder for 7 turns
  6394 | D:6      | Paralysed by Grinder for 4 turns
  6401 | D:6      | Killed Grinder
  6925 | D:7      | Reached skill level 5 in Dodging
  7916 | D:8      | Noticed Prince Ribbit
  8021 | D:8      | Killed Prince Ribbit
  8022 | D:8      | Reached XP level 10. HP: 90/91 MP: 13/19
  8520 | D:8      | Noticed Erica
  8532 | D:8      | Killed Erica
  8649 | D:9      | Reached skill level 10 in Fighting
  8791 | D:9      | Found a staircase to the Orcish Mines.
  9021 | D:9      | Identified the -4 pair of gloves of Otipp {Will+ Str+2
                  | SInv}
  9519 | D:10     | Entered Level 10 of the Dungeon
  9625 | D:10     | Identified the +1 pair of gloves of Time Monsters {Str+4}
  9883 | D:10     | Found a staircase to the Lair.
  9959 | D:10     | Found a runed translucent gate.
  9961 | D:10     | Found a runed translucent gate.
  9961 | D:10     | Found a runed translucent gate.
  9965 | D:10     | Noticed Cheivey's ghost (journeyman DDFi)
 10240 | D:10     | Noticed a two-headed ogre
 10250 | D:10     | Killed a two-headed ogre
 10291 | D:10     | Noticed Maggie
 10297 | D:10     | Paralysed by Maggie for 2 turns
 10301 | D:10     | Killed Maggie
 10302 | D:10     | Reached XP level 11. HP: 93/102 MP: 14/20
 10620 | D:11     | Found a portal to a secret trove of treasure.
 11498 | D:11     | Identified a scroll of acquirement
 11655 | D:12     | Noticed Maurice
 11663 | D:12     | Killed Maurice
 11802 | D:12     | Noticed a boulder beetle
 11838 | D:12     | Killed a boulder beetle
 11980 | D:12     | Noticed a two-headed ogre
 11992 | D:12     | Killed a two-headed ogre
 12262 | D:12     | Noticed Fannar
 12289 | D:13     | Noticed an eight-headed hydra
 12438 | Lair:1   | Entered Level 1 of the Lair of Beasts
 12508 | Lair:1   | Reached skill level 10 in Dodging
 12672 | Lair:1   | Noticed a six-headed hydra
 12709 | Lair:1   | Killed a three-headed hydra
 12766 | Lair:1   | Found a runed translucent gate.
 12767 | Lair:1   | Found a runed translucent gate.
 12767 | Lair:1   | Noticed a quicksilver ooze
 12769 | Lair:1   | Found a runed translucent gate.
 12769 | Lair:1   | Noticed Gorgondantess's ghost (journeyman SpHu)
 12829 | Lair:1   | Acquired a +1 demon blade of electrocution
 12831 | Lair:1   | Acquired the ring "Niys Riop" {Will+ AC+4 Int+3}
 13057 | Lair:1   | Noticed an eight-headed hydra
 13067 | Lair:1   | Killed a five-headed hydra
 13605 | Lair:1   | Reached XP level 12. HP: 115/115 MP: 16/22
 14360 | Lair:2   | Identified the +3 shortbow of Luxury {freeze, rF+ rC+
                  | Str+4}
 14378 | Lair:3   | Noticed a five-headed hydra
 14386 | Lair:3   | Killed a one-headed hydra
 14526 | Lair:3   | Noticed a boulder beetle
 14557 | Lair:3   | Killed a boulder beetle
 14755 | Lair:3   | Noticed a seven-headed hydra
 14775 | Lair:3   | Killed a seven-headed hydra
 14839 | Lair:3   | Found a hole to the Spider Nest.
 14843 | Lair:3   | Reached skill level 15 in Fighting
 15335 | Lair:3   | Noticed a seven-headed hydra
 15336 | Lair:3   | Noticed a six-headed hydra
 15345 | Lair:3   | Killed a three-headed hydra
 15357 | Lair:3   | Killed a one-headed hydra
 15434 | Lair:3   | Found a staircase to the Swamp.
 15712 | Lair:4   | Found a dark tunnel.
 15721 | Volcano  | Entered a volcano
 15950 | Volcano  | Reached XP level 13. HP: 123/128 MP: 17/23
 16739 | Lair:4   | Identified the +0 long sword of a ziggurat {speed, rF+ rC+}
 17022 | Lair:4   | Noticed Sonja
 17199 | Lair:5   | Reached skill level 1 in Long Blades
 17226 | Lair:5   | Found a staircase to the Slime Pits.
 17906 | Lair:6   | Entered Level 6 of the Lair of Beasts
 18111 | Lair:6   | Reached skill level 5 in Long Blades
 18540 | Lair:6   | Paralysed by a hornet for 3 turns
 18696 | Lair:6   | Found the +0 staff of Battle
 18734 | Lair:6   | Reached XP level 14. HP: 72/138 MP: 17/24
 18883 | Lair:6   | Found a runed translucent door.
 18884 | Lair:6   | Noticed Qocu's ghost (journeyman MfGl)
 19653 | Lair:4   | Killed Sonja
 19995 | D:10     | Reached skill level 10 in Long Blades
 20005 | D:10     | Killed Cheivey's ghost
 20306 | D:12     | Killed Fannar
 20764 | D:13     | Noticed Snorg
 20785 | D:13     | Killed Snorg
 20927 | D:13     | Cast into level 2 of the Abyss (death knight)
 21126 | Abyss:2  | Acquired the ring of Linearity {rPois rC++ Int-2 Dex+6
                  | SInv}
 21189 | Abyss:2  | Noticed a dread lich
 21191 | Abyss:2  | Paralysed by a dread lich for 2 turns
 21192 | Abyss:2  | Gained mutation: Your body sometimes deteriorates upon
                  | taking damage. [a neqoxec]
 21241 | D:13     | Escaped the Abyss
 22545 | D:14     | Noticed Jorgrun
 23109 | D:15     | Entered Level 15 of the Dungeon
 23111 | D:15     | Lost mutation: Your body sometimes deteriorates upon taking
                  | damage. [potion of mutation]
 23111 | D:15     | Gained mutation: You have sharp toenails. [potion of
                  | mutation]
 23111 | D:15     | Gained mutation: Your mind is acute. (Int +2) [potion of
                  | mutation]
 23111 | D:15     | Gained mutation: You are somewhat resistant to further
                  | mutation. [potion of mutation]
 23332 | D:15     | Reached XP level 15. HP: 129/146 MP: 25/25
 23356 | D:15     | Found a staircase to the Depths.
 23493 | D:15     | Noticed Kirke
 23511 | D:15     | Killed Kirke
 24294 | Orc:1    | Entered Level 1 of the Orcish Mines
 24512 | Orc:1    | Reached skill level 5 in Shields
 24872 | Orc:2    | Entered Level 2 of the Orcish Mines
 25133 | Orc:2    | Found Jaostri's Assorted Antiques.
 25133 | Orc:2    | Found Noarr's Magic Scroll Boutique.
 25345 | Orc:2    | Found Naqocw's Weapon Shoppe.
 25361 | Orc:2    | Found Vytokly's Antique Weapon Boutique.
 25750 | Orc:2    | Found a staircase to the Elven Halls.
 26026 | Orc:2    | Bought a scroll of acquirement for 728 gold pieces
 26026 | Orc:2    | Bought a scroll of teleportation for 42 gold pieces
 26026 | Orc:2    | Bought a scroll of teleportation for 42 gold pieces
 26026 | Orc:2    | Bought a scroll of blinking for 105 gold pieces
 26026 | Orc:2    | Acquired the +0 cloak of Ristruec {Harm rC+ Str+2}
 26058 | Orc:2    | Bought a scroll labelled OSOTURHATO for 33 gold pieces
 26091 | Orc:2    | Bought a dazzling scimitar for 243 gold pieces
 26091 | Orc:2    | Identified the +7 scimitar of Terra Cotta {vorpal, rN+
                  | Int+2} (You bought it in a shop on level 2 of the Orcish
                  | Mines)
 26124 | Orc:2    | Bought a scroll of enchant weapon for 247 gold pieces
 26155 | Elf:1    | Entered Level 1 of the Elven Halls
 26755 | Elf:1    | Identified the Handbook of Companions
 26926 | Elf:1    | HP: 4/146 [deep elf archer/arrow (20)]
 27037 | Elf:1    | Reached skill level 10 in Shields
 27311 | Spider:1 | Entered Level 1 of the Spider Nest
 27695 | Spider:1 | Reached XP level 16. HP: 117/154 MP: 19/26
 28237 | Spider:1 | Identified the Compendium of Ashen Snow
 28973 | Spider:2 | Noticed Arachne
 29320 | Spider:2 | Acquired 730 gold pieces
 29359 | Spider:2 | Killed Arachne
 30495 | Spider:3 | Noticed Asterion
 30508 | Spider:3 | Killed Asterion
 30592 | Spider:3 | Identified Roxanne's Collected Works on the Mountains
 30592 | Spider:3 | Noticed Roxanne
 30596 | Spider:3 | Identified the +6 spear of Amortisation {flame, rF++ Str+5}
 30810 | Spider:3 | Identified the +2 pair of boots "Ontunaw" {Rampage rC-
                  | Dex+4 Stlth+}
 31035 | Spider:4 | Entered Level 4 of the Spider Nest
 31057 | Spider:4 | Reached skill level 15 in Shields
 31139 | Spider:4 | Reached XP level 17. HP: 160/160 MP: 27/27
 31141 | Spider:4 | Reached skill level 1 in Armour
 32133 | Spider:4 | Reached skill level 5 in Armour
 32676 | Spider:4 | Got a gossamer rune of Zot
 32828 | Spider:3 | Identified the +3 great sword "Poarhev" {vorpal, Int+3}
 33495 | Swamp:1  | Entered Level 1 of the Swamp
 34452 | Swamp:2  | Identified the +6 quarterstaff of Defence by Offence
                  | {venom, Str+4 Int+3 Stlth+}
 34969 | Swamp:2  | Acquired a +1 kite shield of poison resistance
 35182 | Swamp:3  | Noticed a tentacled monstrosity
 35204 | Swamp:3  | Killed a tentacled monstrosity
 35367 | Swamp:3  | Noticed Mara
 35368 | Swamp:3  | Noticed tardwrangler69's illusion
 35379 | Swamp:3  | Noticed tardwrangler69's illusion
 35579 | Swamp:3  | Reached XP level 18. HP: 158/168 MP: 28/28
 35625 | Swamp:3  | Killed Mara
 35904 | Swamp:4  | Entered Level 4 of the Swamp
 36248 | Swamp:4  | Identified the -1 helmet "Iral Vui" {MP+9}
 36779 | Swamp:4  | Reached skill level 10 in Armour
 36994 | Swamp:4  | Got a decaying rune of Zot
 38595 | Elf:2    | Found a large runed translucent door.
 38595 | Elf:2    | Found a large runed translucent door.
 38622 | Elf:2    | Found a large runed translucent door.
 38622 | Elf:2    | Found a large runed translucent door.
 39386 | Elf:3    | Entered Level 3 of the Elven Halls
 39578 | Elf:3    | Identified the +1 robe of the Great Game {rC+}
 39580 | Elf:3    | Identified the amulet "Entaerchue" {Acrobat rN+ Str+4}
 39591 | Elf:3    | Identified the +5 whip "Kaajuciu" {freeze, Will- Dex+5
                  | Stlth+}
 39592 | Elf:3    | Reached XP level 19. HP: 174/174 MP: 23/29
 39719 | Elf:3    | Found Oxof's Assorted Antiques.
 39797 | Elf:3    | Bought a scorched tin ring for 150 gold pieces
 39797 | Elf:3    | Identified the ring "Cygyte" {Str+3 Int+4 Dex+6} (You
                  | bought it in a shop on level 3 of the Elven Halls)
 39797 | Elf:3    | Bought a scroll of enchant weapon for 225 gold pieces
 39952 | Elf:3    | Identified the +5 long sword "Behif" {vorpal, rC+ Will++}
 39956 | Elf:3    | Reached skill level 15 in Dodging
 40256 | Elf:3    | Identified the amulet of Dishonesty {RegenMP Str+4}
 40266 | Elf:3    | Identified the ring "Tainymm" {rElec MP+9 Str-4 Dex+4}
 40635 | Elf:3    | Identified the +9 fustibalus "Ynagas" {vorpal, +Blink rC+
                  | Dex-4}
 41141 | Elf:3    | Identified the +2 ring mail of the Pleiades {-Cast rC+++
                  | Will+ Stlth+}
 41679 | D:14     | Noticed Josephine
 41692 | D:14     | Killed Jorgrun
 41696 | D:14     | Killed Josephine
 41705 | D:14     | Found a gate to the Vaults.
 41855 | Vaults:1 | Entered Level 1 of the Vaults
 42778 | Vaults:1 | Reached skill level 8 in Ice Magic
 42827 | Vaults:1 | Found Furch's Antique Weapon Emporium.
 43285 | Vaults:2 | Reached skill level 9 in Ice Magic
 43287 | Vaults:2 | Identified the +6 arbalest of Daum {vorpal, rC+ Dex-5
                  | Stlth+}
 43594 | Vaults:2 | Found a staircase to the Crypt.
 43604 | Vaults:2 | Reached skill level 10 in Ice Magic
 44408 | Vaults:2 | Reached XP level 20. HP: 136/183 MP: 30/30
 44723 | Vaults:3 | Reached skill level 11 in Ice Magic
 44927 | Vaults:3 | Reached skill level 12 in Ice Magic
 45448 | Vaults:3 | Noticed Boris
 45461 | Vaults:3 | Killed Boris
 45496 | Vaults:3 | Reached skill level 13 in Ice Magic
 46139 | Vaults:4 | Reached skill level 14 in Ice Magic
 46483 | Vaults:4 | Reached skill level 15 in Ice Magic
 46636 | Vaults:4 | Reached XP level 21. HP: 180/190 MP: 31/31
 47064 | Vaults:4 | Reached skill level 16 in Ice Magic
 48106 | Depths:1 | Entered Level 1 of the Depths
 48106 | Depths:1 | Found a gateway to Hell.
 48319 | Depths:1 | Noticed Nikola
 48328 | Depths:1 | Killed Nikola
 48329 | Depths:1 | Reached skill level 17 in Ice Magic
 48446 | Depths:1 | Found a one-way gate to the infinite horrors of the Abyss.
 48600 | Depths:1 | Found Iffit's Armour Shop.
 48600 | Depths:1 | Found Tiuwukew's Magic Scroll Boutique.
 48626 | Depths:1 | Bought a scroll of magic mapping for 66 gold pieces
 48626 | Depths:1 | Bought a scroll of teleportation for 57 gold pieces
 49167 | Depths:2 | Found the +5 robe of Night {Dark Will+ SInv}
 49211 | Depths:2 | Identified the +0 shadow dragon scales "Araos" {rF- Str+5
                  | Stlth++++}
 49265 | Depths:2 | Reached skill level 18 in Ice Magic
 50472 | Depths:3 | Noticed Saint Roka
 50603 | Depths:2 | HP: 8/190 [spriggan defender/+9 quick blade[a spriggan
                  | defender] (26)]
 50615 | Depths:2 | HP: 4/190 [vampire knight/+0 great mace (36)]
 50616 | Depths:2 | Killed from afar by a vampire knight

Illustrated notes

Levels and vault maps discovered:
D:1:      kb_arrival_jail, layout_loops_ring, minmay_circled_x
D:2:      layout_basic, serial_forest, infiniplex_forest_clump_small,
          infiniplex_forest_clump_curved, infiniplex_forest_lined_room_,
          infiniplex_forest_lined_3, infiniplex_forest_lined_ring, hex_medium,
          minivault_23, kennysheep_another_room, minmay_3d_cube
D:3:      layout_basic, grunt_ministairs_2, uniq_robin
D:4:      layout_loops_cross, serial_forest, infiniplex_forest_lined_1,
          infiniplex_forest_lined_2, minmay_between, uniq_pikel, uniq_edmund
D:5:      layout_basic, minmay_temple_entry_trees, serial_co_window_serial,
          co_window_paths_a, co_window_of_opportunity_a, co_window_corner_a,
          co_window_corner_a, co_window_corner_a, co_window_unsneaky_path_e,
          co_window_corner_cb, co_window_2corner, co_window_2corner,
          co_window_paths_d, glass_columns_a, glass_columns_a, glass_columns_a,
          glass_columns_a, glass_columns_c, nicolae_ossuary_entry_giza,
          uniq_eustachio, uniq_menkaure
D:6:      layout_rooms, old_standard_altar, uniq_grinder
D:7:      layout_basic, minmay_misc_feat_five, serial_park_tiny_1
D:8:      layout_basic, uniq_erica, uniq_prince_ribbit1
D:9:      layout_roguey, orc_0_dummy
D:10:     layout_loops_cross, david_lair_shrubbed, gammafunk_ghost_necromancy,
          uniq_maggie
D:11:     layout_basic, nicolae_trove_entry_free_sample
D:12:     layout_loops_cross, uniq_fannar, uniq_maurice
D:13:     layout_basic, minivault_27, jiyva_altar_1, uniq_snorg
D:14:     layout_roguey, david_vaults_2, nicolae_ashenzari_skybound,
          uniq_jorgrun, uniq_josephine
D:15:     grunt_enter_depths_giant_problem, layout_rooms,
          hangedman_decor_points, grunt_ministairs_11, nrook_uturn, hex_large,
          uniq_kirke
Lair:1:   layout_hall_layers, gammafunk_ghost_endoplasm
Lair:2:   layout_big_grid, grunt_megastairs_4
Lair:3:   layout_misc_corridors, palyth_hydra_swamp_entry,
          spider_nest_entry_webs, serial_bayou_pond_d, grunt_megastairs_3,
          serial_bayou_shore_a, serial_bayou_shore_b
Lair:4:   wad_woods_minihive, layout_gridlike, nicolae_volcano_entry_vermiform,
          kennysheep_catoblepas_arena, uniq_sonja
Lair:5:   layout_regular_city, slime_dummy, chequers_serial_rivers_room_a,
          guppyfry_lair_drakes
Lair:6:   gammafunk_lair_ancient_temple, layout_gridlike, gammafunk_ghost_grave
Swamp:1:  layout_basic_swamp, evilmike_swamp_ruin_house_4, swamp_pool5
Swamp:2:  layout_falls_marsh, evilmike_swamp_ruin_house_1, swamp_pool3,
          infiniplex_staircase_pool
Swamp:3:  layout_falls_marsh, evilmike_swamp_ruin_house_5,
          infiniplex_staircase_pool_2, uniq_mara
Swamp:4:  byrel_swamp_growth_death_and_undeath, layout_basic_swamp, swamp_pool1,
          nicolae_swamp_little_swirl
Spider:1: layout_spider_delve, einodemon_crawler_minivault
Spider:2: layout_spider_delve, nicolae_spider_jagged_tunnels, uniq_arachne
Spider:3: layout_spider_delve, beargit_elvish_explorers,
          hangedman_spider_tarantella_strand, uniq_roxanne, uniq_asterion
Spider:4: floodkiller_spider_rune_tomb, nicolae_spider_bug_shape
Orc:1:    layout_caves, nooodl_orcs_dogs
Orc:2:    st_orc_town, layout_diamond_mine, basic_altar
Elf:1:    eino_elf_arrival_customs, layout_onion_city, minmay_elf_demonology
Elf:2:    layout_geoelf_diagonals, grunt_megastairs_5
Elf:3:    grunt_elf_hall_diamonds, layout_geoelf_octagon, serial_shops, shop,
          basic_altar
Vaults:1: nicolae_vaults_know_your_exits, vaults_room_semicircle,
          hangedman_vaults_locks, grunt_vaults_diagonal, grunt_vaults_bifocal,
          v_misc_22, v_misc_17, vaults_standard_mumra_x,
          nicolae_vaults_sealed_display, vaults_room_fours,
          layout_vaults_big_cross, serial_shops, nicolae_shop_crystal
Vaults:2: nicolae_vaults_alarming, v_alt_pattern_4, ontoclasm_vaults_twist,
          v_misc_1, nicolae_vaults_yaktaur_gun_rack,
          ontoclasm_vaults_loading_screen, hangedman_vaults_maws,
          layout_vaults_omnigrid, minmay_crypt_entry_skeletal_spiral
Vaults:3: vaults_room_pool, v_misc_18, v_rooms_2, v_misc_10,
          ontoclasm_vaults_chip, hangedman_vaults_nails, vaults_dpeg_doors,
          hangedman_vaults_stagger, nicolae_vaults_little_squares_1,
          vaults_room_door_ring, st_lines, nicolae_vaults_shelves_hall,
          v_misc_23, layout_vaults_maze_snakey, uniq_boris, uniq_margery
Vaults:4: nicolae_vaults_big_ls, v_rooms_1, vaults_mumra_hexcomb,
          vaults_room_corners, nicolae_vaults_little_squares_1,
          vaults_mumra_minichess_inversion, ontoclasm_vaults_decontamination,
          nicolae_vaults_asterisk, ontoclasm_vaults_pinch, v_misc_27,
          layout_vaults_big_room
Depths:1: layout_twisted_cross, chequers_serial_rivers_room_a,
          abyss_entry_small_statue_room, pf_hell_entry_tar_river,
          kennysheep_small_circle, minmay_shoptagon, uniq_nikola
Depths:2: regret_index_dithmenos_brocken_genspenst, layout_gridlike,
          hellmouth_1, chequers_hall_statues_corner_a,
          infiniplex_staircase_pillars_2, serial_bayou_shore_b,
          serial_bayou_shore_b, roderic_lattice_octagonal_star, firewood_loft
Depths:3: evilmike_pillar_path, layout_basic, enter_ziggurat_a, pan_entry,
          chequers_serial_rivers_room_b, hellmouth_3,
          minmay_guarded_unrand_vampires_tooth, uniq_saint_roka

Skill      XL: |  1  2  3  4  5  6  7  8  9 10 11 12 13 14 15 16 17 18 19 20 21 |
---------------+----------------------------------------------------------------+-----
Spellcasting   | 2 3 4 |  4.1
Ice Magic      | 4 5 7 10 15 18 | 18.5
Shields        | 1 2 3 4 10 15 | 15.0
Fighting       | 3 7 9 11 13 15 16 | 16.9
Dodging        | 5 8 10 12 14 15 | 15.0
Long Blades    | 7 13 14 | 14.0
Armour         | 8 11 14 | 14.3
Stealth        | |  1.7

Action                   |  1- 3 |  4- 6 |  7- 9 | 10-12 | 13-15 | 16-18 | 19-21 || total
-------------------------+-------+-------+-------+-------+-------+-------+-------++-------
Melee: Dagger            |   118 |    10 |       |       |       |       |       ||   128
       Unarmed           |     2 |       |       |       |       |       |       ||     2
       Short sword       |       |    73 |   242 |       |       |       |       ||   315
       Flail             |       |       |   138 |    73 |       |       |       ||   211
       Trident           |       |       |   206 |   289 |    23 |       |       ||   518
       Demon blade       |       |       |       |   199 |  1366 |  1571 |  1565 ||  4701
       Scimitar          |       |       |       |    51 |    49 |    59 |       ||   159
       Staff             |       |       |       |       |     1 |       |       ||     1
       Long sword        |       |       |       |       |       |       |    88 ||    88
       Double sword      |       |       |       |       |       |       |   138 ||   138
 Cast: Freeze            |    43 |    26 |     4 |       |       |       |       ||    73
       Frozen Ramparts   |       |     6 |    21 |    55 |    49 |    35 |    15 ||   181
       Ozocubu's Armour  |       |     3 |    20 |    56 |    57 |    29 |    19 ||   184
Evoke: Wand              |       |       |       |       |    14 |       |     1 ||    15
  Use: Potion            |       |       |     4 |     2 |     5 |    11 |    11 ||    33
       Scroll            |       |       |     4 |    18 |    19 |    13 |    10 ||    64
 Stab: Sleeping          |     3 |     2 |     2 |     3 |     4 |     5 |       ||    19
       Distracted        |       |       |     1 |       |     3 |     3 |       ||     7
       Petrifying        |       |       |       |       |     1 |       |       ||     1
       Confused          |       |       |       |       |       |     5 |       ||     5
Armor: Robe              |    19 |       |       |       |       |       |       ||    19
       Leather armour    |     6 |    37 |   224 |       |       |       |       ||   267
       Troll leather arm |       |       |   163 |   134 |       |       |       ||   297
       Swamp dragon scal |       |       |       |   136 |   373 |   357 |       ||   866
       Chain mail        |       |       |       |       |       |   241 |   303 ||   544
Dodge: Dodged            |    86 |    60 |   456 |   747 |  1247 |  1123 |   968 ||  4687
Block: Buckler           |    22 |    21 |   201 |   260 |   478 |   152 |       ||  1134
       Kite shield       |       |       |       |       |       |   989 |  1027 ||  2016
       Rpst.: Demon blade |       |       |       |    76 |   295 |   172 |   132 ||   675
       Scimitar          |       |       |       |    22 |    15 |     3 |       ||    40
       Long sword        |       |       |       |       |       |       |     7 ||     7
       Double sword      |       |       |       |       |       |       |    20 ||    20

Table legend: (Time is in decaauts)
 A = Elapsed time spent in this place.
 B = Non-inter-level travel time spent in this place.
 C = Inter-level travel time spent in this place.
 D = Time resting spent in this place.
 E = Time spent auto-exploring this place.
 F = Levels seen in this place.
 G = Mean time per level.
                   A        B        C        D        E       F      G
               +--------+--------+--------+--------+--------+-----+--------+
         Total |  49927 |  45480 |   4447 |   1415 |  33373 |  44 | 1134.7 |
       Dungeon |  17122 |  15413 |   1709 |    460 |  11585 |  15 | 1141.5 |
          Lair |   8237 |   7254 |    983 |    233 |   5295 |   6 | 1372.8 |
         Swamp |   3633 |   3399 |    234 |    375 |   2157 |   4 |  908.2 |
   Spider Nest |   5465 |   5040 |    425 |    132 |   3756 |   4 | 1366.2 |
  Orcish Mines |   1939 |   1566 |    373 |      0 |   1178 |   2 |  969.5 |
   Elven Halls |   4574 |   4193 |    381 |     37 |   3070 |   3 | 1524.7 |
        Vaults |   5752 |   5480 |    272 |    134 |   4134 |   4 | 1438.0 |
        Depths |   2300 |   2234 |     66 |     44 |   1628 |   3 |  766.7 |
         Abyss |    307 |    307 |      0 |      0 |    199 |   1 |  307.0 |
       Ossuary |    284 |    284 |      0 |      0 |    120 |   1 |  284.0 |
       Volcano |    309 |    309 |      0 |      0 |    248 |   1 |  309.0 |
               +--------+--------+--------+--------+--------+-----+--------+

Top non-repeatable levels by time:
  Lair:3: 1846 daAuts
   Elf:3: 1767 daAuts
Spider:4: 1681 daAuts
Spider:1: 1672 daAuts
Vaults:4: 1671 daAuts
  Lair:6: 1657 daAuts
Depths:2: 1598 daAuts
     D:5: 1508 daAuts
     D:1: 1482 daAuts
   Elf:1: 1479 daAuts
  Lair:4: 1445 daAuts
    D:13: 1445 daAuts
Vaults:2: 1416 daAuts
  Lair:1: 1410 daAuts
Vaults:3: 1376 daAuts
